 Dungeon Crawl Stone Soup version 0.31-a0-879-g1609e0ac53 (webtiles) character file.

Game seed: 10221066380181996291

38 Darius099 the Chopper (level 3, 0/33 HPs)
             Began as a Minotaur Fighter on Oct 14, 2023.
             Slain by a gnoll
             ... wielding a +0 spear
             ... led by a gnoll bouda
              (4 damage)
             ... on level 4 of the Dungeon.
             The game lasted 00:05:35 (1251 turns).

Darius099 the Chopper (Minotaur Fighter)            Turns: 1251, Time: 00:05:35

Health: 0/33       AC: 10    Str: 22    XL:     3   Next: 25%
Magic:  2/2        EV:  8    Int:  5    God:
Gold:   77         SH:  4    Dex:  9    Spells: 2/2 levels left

rFire   . . .        a - +0 war axe
rCold   . . .        c - +0 buckler
rNeg    . . .        e - +0 chain mail
rPois   .            (helmet restricted)
rElec   .            h - +0 cloak
rCorr   .            (no gloves)
SInv    .            (no boots)
Will    .....        (no amulet) Stlth
                     (no ring)
HPRegen 0.25/turn    (no ring)
MPRegen 0.08/turn

%: no passive effects
@: no status effects
A: horns 2, retaliatory headbutt
a: no special abilities


You were on level 4 of the Dungeon.
You visited 1 branch of the dungeon, and saw 3 of its levels.

You collected 77 gold pieces.

Inventory:

Hand Weapons
 a - a +0 war axe (weapon)
Armour
 c - a +0 buckler (worn)
 e - a +0 chain mail (worn)
 h - a +0 cloak (worn)
Scrolls
 b - a scroll of silence {unknown}
 f - 2 scrolls of identify {unknown}
 j - a scroll of teleportation {unknown}
 k - 2 scrolls of amnesia {unknown}
Potions
 d - a potion of might
 g - a potion of curing {unknown}
 i - 2 potions of heal wounds {unknown}


   Skills:
 - Level 3.6 Fighting
 + Level 4.4 Axes
 - Level 3.6 Armour
 - Level 3.6 Shields


You had 2 spell levels left.
You didn't know any spells.
Your spell library was empty.

Dungeon Overview and Level Annotations

Branches:
Dungeon (2/15)

Altars:

Shops:
D:2 [


Innate Abilities, Weirdness & Mutations

You have a pair of horns on your head.
You reflexively headbutt those who attack you in melee.


Message History

You see here a hobgoblin corpse.
You slash the ball python!
You kill the ball python!
A gnoll bouda comes into view. It is wielding a +0 whip.
Found a scroll labelled GIPNEMP SOITZ.
The gnoll bouda shouts!
You hear a shout! x2
The gnoll bouda barks out a call to the hunt!
A gnoll comes into view. It is wielding a +0 spear.
The gnoll shouts!
You hit the gnoll bouda.
The gnoll bouda is lightly wounded.
A gnoll comes into view. It is wielding a +0 spear.
The gnoll bouda barely misses you.
The gnoll bouda hits you with a +0 whip.
You hit the gnoll bouda but do no damage.
You headbutt the gnoll bouda.
The gnoll bouda is moderately wounded.
The gnoll closely misses you.
The gnoll bouda barks out a call to the hunt!
The gnoll picks up the pace!
The gnoll hits you from afar with a +0 spear!
You closely miss the gnoll bouda.
The gnoll bouda is moderately wounded.
The gnoll bouda hits you with a +0 whip.
The gnoll closely misses you.
You slash the gnoll bouda!
The gnoll bouda is severely wounded.
The gnoll bouda hits you with a +0 whip.
The gnoll misses you.
The gnoll bouda hits you with a +0 whip.
* * * LOW HITPOINT WARNING * * *
A gnoll comes into view. It is wielding a +0 spear.
You barely miss the gnoll bouda.
The gnoll bouda is severely wounded.
The gnoll hits you from afar with a +0 spear.
* * * LOW HITPOINT WARNING * * *
The gnoll bouda barely misses you. You furiously retaliate!
You headbutt the gnoll bouda.
The gnoll hits you from afar with a +0 spear.
You die...

... ##. ... ...
#g# .. #.# .. .g.
.#. #g# .#. #g#
##########... #@#
#............
#.####.#.###.#.##.
#.........#..#.#
######.#...#.#†#
#.#..###..###
#.#.#.#......
#.........###
###########


You could see a gnoll bouda and 3 gnolls.

Vanquished Creatures
  A dart slug (D:1)
  4 ball pythons
  4 endoplasms (D:1)
  A giant cockroach (D:1)
  6 goblins
  8 hobgoblins
  A quokka (D:1)
  2 bats (D:1)
  2 frilled lizards (D:1)
  2 rats (D:1)
31 creatures vanquished.

Notes
Turn   | Place    | Note
-------+----------+-------------------------------------------
     0 | D:1      | Darius099 the Minotaur Fighter began the quest for the Orb.
     0 | D:1      | Reached XP level 1. HP: 19/19 MP: 0/0
   204 | D:1      | Reached skill level 3 in Axes
   260 | D:1      | Reached XP level 2. HP: 26/27 MP: 1/1
   592 | D:1      | Reached skill level 4 in Axes
   898 | D:1      | Reached XP level 3. HP: 33/33 MP: 2/2
  1176 | D:2      | Found Gastro's Antique Armour Shop.
  1219 | D:2      | You fall into a shaft and drop 2 floors!
  1251 | D:4      | Slain by a gnoll

Illustrated notes

Levels and vault maps discovered:
D:1:      zelgadis_glass_arrival_small, layout_basic, minmay_vboxes
D:2:      layout_basic, basic_altar, serial_shops, shop_fountains
D:4:      layout_loops_cross, amethyst_overflow_temple_binary, minmay_pentangle

Skill      XL: |  1  2 |
---------------+-------+-----
Axes           | 3 4 |  4.4
Fighting       | |  3.6
Armour         | |  3.6
Shields        | |  3.6

Action                     || total
---------------------------++-------
  Melee: War axe           ||    66
         Headbutt          ||     8
 Armour: Chain mail        ||    48
  Dodge: Dodged            ||    30
  Block: Buckler           ||    14

Table legend: (Time is in decaauts)
 A = Elapsed time spent in this place.
 B = Non-inter-level travel time spent in this place.
 C = Inter-level travel time spent in this place.
 D = Time resting spent in this place.
 E = Time spent auto-exploring this place.
 F = Levels seen in this place.
 G = Mean time per level.
                   A        B        C        D        E       F      G
               +--------+--------+--------+--------+--------+-----+--------+
         Total |   1273 |   1238 |     35 |    100 |    542 |   3 |  424.3 |
       Dungeon |   1273 |   1238 |     35 |    100 |    542 |   3 |  424.3 |
               +--------+--------+--------+--------+--------+-----+--------+

Top non-repeatable levels by time:
     D:1: 1164 daAuts
     D:2: 74 daAuts
     D:4: 33 daAuts
